 Dungeon Crawl Stone Soup version 0.18.1-48-g4cf74bf (webtiles) character file.

147 OTRawrior the Digger (level 5, -6/28 HPs)
             Began as a Gargoyle Earth Elementalist on Aug 13, 2016.
             Killed by nerve-wracking pain
             ... invoked by Grinder
              (11 damage)
             ... on level 3 of the Dungeon.
             The game lasted 00:06:18 (2358 turns).

OTRawrior the Digger (Gargoyle Earth Elementalist)  Turns: 2358, Time: 00:06:18

Health: -6/28      AC:  9    Str: 12    XL:     5   Next: 29%
Magic:  1/10       EV: 12    Int: 16    God:
Gold:   154        SH:  0    Dex: 10    Spells: 3 memorised, 2 levels left

rFire  . . .     SeeInvis .     e - +0 whip
rCold  . . .     Gourm    .     a - +0 robe
rNeg   + . .     Faith    .     (no shield)
rPois  ∞         Spirit   .     (no helmet)
rElec  +         Dismiss  .     (no cloak)
rCorr  .         Reflect  .     l - +2 pair of gloves
SustAt .         Harm     .     (no boots)
MR     .....                    (no amulet)
Stlth  ++........               (no ring)
                                (no ring)

@: not resistant to hostile enchantments, unstealthy
A: negative energy resistance 1, electricity resistance, unbreathing,
petrification resistance, rot immunity, AC +4
a: no special abilities


You were on level 3 of the Dungeon.
You were not hungry.

You visited 1 branch of the dungeon, and saw 3 of its levels.

You collected 154 gold pieces.

Inventory:

Hand Weapons
 e - a +0 whip (weapon)
Missiles
 b - 115 stones (quivered)
Armour
 a - a +0 robe (worn)
 l - a +2 pair of gloves (worn)
Scrolls
 f - a scroll of teleportation {unknown}
 h - 4 scrolls of identify {unknown}
 i - a scroll of amnesia {unknown}
 j - a scroll of remove curse
 o - a scroll of magic mapping {unknown}
 r - a scroll of fear {unknown}
Potions
 m - a potion of invisibility {unknown}
 n - a potion of degeneration {unknown}
 p - a potion of curing {unknown}
Books
 c - a book of Geomancy

   Spells                             Type                      Level
   a - Sandblast                      Earth                        1
   b - Passwall                       Transmutation/Earth          2
   c - Stone Arrow                    Conjuration/Earth            3
   d - Petrify                        Transmutation/Earth          4
   e - Lee's Rapid Deconstruction     Earth                        5
Comestibles
 d - 2 bread rations
 g - 4 chunks of flesh
 k - a slice of pizza
 q - a meat ration


   Skills:
 - Level 1.5 Dodging
 - Level 2.1 Stealth
 * Level 3.8 Spellcasting
 + Level 1.8 Conjurations
   Level 0.7 Transmutations
 + Level 4.9 Earth Magic


You had 2 spell levels left.
You knew the following spells:

 Your Spells              Type           Power        Failure   Level  Hunger
a - Sandblast             Erth           ###...       2%          1    None
b - Stone Arrow           Conj/Erth      ##....       14%         3    ###....
c - Lee's Rapid Deconstr  Erth           ###.......   75%         5    ######.


Dungeon Overview and Level Annotations

Branches:
Dungeon (3/15)

Altars:
Dithmenos
Makhleb
Ru
The Shining One

Annotations:
D:3 Grinder


Innate Abilities, Weirdness & Mutations

You are resistant to torment.
Your stone body is resilient (AC +4).
You are immune to poison.
You resist negative energy.
You are resistant to electric shocks.
You can survive without breathing.
You are immune to petrification.
You are immune to rotting.


Message History

The adder is heavily wounded.
The adder bites you.
* * * LOW HITPOINT WARNING * * *
You hit the adder.
The adder is severely wounded.
The adder misses you. Grinder hits you.
* * * LOW HITPOINT WARNING * * *
The adder barely misses you.
Casting: Sandblast
Confirm with . or Enter, or press ? or * to list all spells.
Aiming: Sandblast
Press: ? - help, Shift-Dir - straight line, f/p - adder
Aim: an adder (severely wounded)
The blast of sand hits the adder.
You kill the adder!
Grinder barely misses you.
Grinder blinks!
Grinder gestures at you. Pain shoots through your body!
You die...

..#....#####......
#....# .##### #....#
.# #...†# ## +....#
#....#######
###..(.......
#........#############
+........'@....5......
#........#############
#........########
#...............# ###.
########........##...
#........#..#
#...........#
######).....#
#.§....#..


You could see Grinder.

Vanquished Creatures
  9 adders
  An ooze (D:2)
  A worm (D:2)
  A dart slug (D:2)
  6 giant cockroaches
  8 goblins
  8 hobgoblins
  3 jackals (D:3)
  A quokka (D:2)
  7 bats
  A giant newt (D:2)
  9 kobolds
  4 rats
59 creatures vanquished.

Notes
Turn   | Place    | Note
--------------------------------------------------------------
     0 | D:1      | OTRawrior the Gargoyle Earth Elementalist began the quest for the Orb.
     0 | D:1      | Reached XP level 1. HP: 10/10 MP: 3/3
   151 | D:1      | Reached XP level 2. HP: 15/15 MP: 1/5
   160 | D:1      | Reached skill level 4 in Earth Magic
   708 | D:1      | Reached XP level 3. HP: 19/19 MP: 7/7
   713 | D:1      | Learned a level 3 spell: Stone Arrow
  1044 | D:2      | Found a glowing golden altar of the Shining One.
  1068 | D:2      | Found a shadowy altar of Dithmenos.
  1207 | D:2      | Reached XP level 4. HP: 24/24 MP: 4/8
  1233 | D:2      | Reached skill level 1 in Conjurations
  1787 | D:2      | Found a sacrificial altar of Ru.
  1963 | D:2      | Found a burning altar of Makhleb.
  2090 | D:3      | Noticed Grinder
  2094 | D:3      | Reached XP level 5. HP: 28/28 MP: 6/10
  2176 | D:2      | Learned a level 5 spell: Lee's Rapid Deconstruction
  2329 | D:3      | Paralysed by Grinder for 4 turns
  2358 | D:3      | Killed from afar by Grinder

Skill      XL: |  1  2  3  4 |
---------------+-------------+-----
Earth Magic    | 4 |  4.9
Spellcasting   | 3 |  3.8
Conjurations   | 1 |  1.8
Dodging        | |  1.5
Stealth        | |  2.1
Transmutations | |  0.7

Action                   |  1- 3 |  4- 6 || total
-------------------------+-------+-------++-------
Melee: Dagger            |     2 |       ||     2
       Club              |    69 |    26 ||    95
       Whip              |       |     6 ||     6
 Cast: Sandblast         |    34 |    72 ||   106
       Stone Arrow       |       |     1 ||     1
  Use: Scroll            |     2 |       ||     2
 Stab: Sleeping          |     2 |     1 ||     3
  Eat: Chunk             |     1 |     4 ||     5
Armor: Robe              |    34 |    31 ||    65
Dodge: Dodged            |    57 |    49 ||   106
